 Dungeon Crawl Stone Soup version 0.26.1-11-gd32895ea62 (webtiles) character file.

Game seed: 10013768059925746502

380 ubername the Chiller (level 6, -4/42 HPs)
             Began as a Barachi Ice Elementalist on July 15, 2021.
             Slain by an ice beast (10 damage)
             ... on level 3 of the Dungeon.
             The game lasted 00:13:03 (5683 turns).

ubername the Chiller (Barachi Ice Elementalist)     Turns: 5683, Time: 00:13:03

Health: -4/42      AC:  3    Str:  9    XL:     6   Next: 75%
Magic:  11/12      EV:  5    Int: 18    God:
Gold:   247        SH: 25    Dex: 12    Spells: 7/14 levels left

rFire    . . .     SeeInvis .   g - +0 short sword
rCold    . . .     Faith    .   m - +18 shield of the Gong {rElec rN+ Will+ EV-5}
rNeg     + . .     Spirit   .   a - +1 robe
rPois    .         Reflect  .   (no helmet)
rElec    +         Harm     .   j - scarf {shadows}
rCorr    .         Rampage  .   (no gloves)
Will     +....                  (no boots)
Stlth    ++........             (no amulet)
HPRegen  0.14/turn              u - ring of flight
MPRegen  0.13/turn              (no ring)

@: can't hop, slow
A: +LOS, swims, slowness 1, strong legs 1
a: Hop, Evoke Flight


You were on level 3 of the Dungeon.
You visited 1 branch of the dungeon, and saw 5 of its levels.

You collected 247 gold pieces.

Inventory:

Hand Weapons
 d - a +0 club
 g - a +0 short sword (weapon)
Missiles
 b - 98 stones (quivered)
 c - 17 sling bullets
 q - 2 silver boomerangs
Armour
 a - a +1 robe (worn)
 j - a scarf of shadows (worn)
 m - the +18 shield of the Gong (worn) {rElec rN+ Will+ EV-5}
   (You found it on level 4 of the Dungeon)

   It affects your evasion (-5).
   It insulates you from electricity.
   It protects you from negative energy.
   It affects your willpower, your defense against some magical effects.
Jewellery
 p - an uncursed ring of positive energy
 u - a ring of flight (left hand)
Wands
 t - a wand of random effects (13)
Scrolls
 f - 4 scrolls of teleportation
 h - 4 scrolls of remove curse
 l - a scroll of identify
 n - a scroll of amnesia
Potions
 e - a potion of brilliance
 i - 2 potions of attraction
 o - a potion of flight
 r - 2 potions of heal wounds


   Skills:
 - Level 0.8 Fighting
 - Level 0.5 Short Blades
 - Level 2.1 Throwing
 - Level 2.7 Dodging
 - Level 2.2 Stealth
 * Level 1.5 Shields
 + Level 4.5 Spellcasting
 - Level 6.5 Ice Magic


You had 7 spell levels left.
You knew the following spells:

 Your Spells              Type           Power        Failure   Level
a - Freeze                Ice            52%          5%          1
b - Frozen Ramparts       Ice            26%          17%         3
c - Ozocubu's Armour      Ice            13%          17%         3

Your spell library contained the following spells:

 Spells                   Type           Power        Failure   Level
 Hailstorm                Conj/Ice       7%           91%         4
 Summon Ice Beast         Ice/Summ       7%           91%         4


Dungeon Overview and Level Annotations

Branches:
Dungeon (5/15)
 Temple: D:4-7

Altars:


Innate Abilities, Weirdness & Mutations

You can be seen from farther away. (+LOS)
You can swim through water.
You cover ground slowly.
You can hop short distances.


Message History

You throw a stone. The stone hits the ice beast.
Flame seeps out of the ice beast.
The ice beast is lightly wounded.
You block the ice beast's attack.
PTOANNNG!
There is a stone staircase leading up here.
You block the ice beast's attack.
BONNNG!
You climb upwards.
There is a stone staircase leading down here.
You block the ice beast's attack.
PANG!
You block the ice beast's attack.
PTOANNNG!
The ice beast hits you. The ice beast freezes you!
* * * LOW HITPOINT WARNING * * *
You hit the ice beast but do no damage. The ice beast hits you.
* * * LOW HITPOINT WARNING * * *
The ice beast freezes you!
You die...

#.....#### #......<.#
##....##.# ##.#.###.# ###
#####....###.# #######..
#.......>....# #...##.#.
#..###..##.### #........ #.##
##.##Y# #........ #.#
#..#@########..####..
#######.##
##.................###
#......#.###....##########.##.#
#.##.##.#.......≈≈≈)≈≈≈.≈#.##.#
#.##.##.........##########.##.#
#.##.#####..###.# #....##.###.#
#.##.# ##..# #.# #.......# #.#
#.##.# #...# #.# #....#### #.#
#.##.####.#.# #.# #.#.## #.#


You could see an ice beast (inner flame).

Vanquished Creatures
  2 scorpions
  An orc priest (D:4)
  An orc wizard (D:4)
  A hound (D:4)
  A worker ant (D:4)
  4 gnolls
  5 adders
  An ooze (D:2)
  2 dart slugs
  A worm (D:3)
  3 leopard geckos
  4 orcs
  A ball python (D:2)
  A bat (D:1)
  2 giant cockroaches
  4 goblins
  10 hobgoblins
  7 jackals
  8 kobolds
  A quokka (D:4)
  8 frilled lizards
  A leopard gecko skeleton (D:4)
  8 rats
77 creatures vanquished.

Notes
Turn   | Place    | Note
-------+----------+-------------------------------------------
     0 | D:1      | ubername the Barachi Ice Elementalist began the quest for
                  | the Orb.
     0 | D:1      | Reached XP level 1. HP: 13/13 MP: 3/3
   212 | D:1      | Reached skill level 5 in Ice Magic
   526 | D:1      | Reached XP level 2. HP: 11/19 MP: 3/5
  1511 | D:2      | Reached XP level 3. HP: 11/24 MP: 1/7
  2221 | D:2      | You fall into a shaft and drop 1 floor!
  2416 | D:3      | Learned a level 3 spell: Frozen Ramparts
  2663 | D:3      | Reached XP level 4. HP: 21/30 MP: 6/9
  3958 | D:3      | Reached XP level 5. HP: 14/36 MP: 1/10
  3959 | D:3      | Reached skill level 1 in Throwing
  4508 | D:4      | Learned a level 3 spell: Ozocubu's Armour
  4515 | D:4      | Reached skill level 6 in Ice Magic
  4726 | D:4      | Reached XP level 6. HP: 37/42 MP: 8/12
  5179 | D:4      | Found the +18 shield of the Gong {rElec rN+ Will+ EV-5}
  5623 | D:5      | Entered Level 5 of the Dungeon
  5630 | D:5      | Reached skill level 1 in Shields
  5655 | D:5      | Noticed an ice beast
  5683 | D:3      | Slain by an ice beast

Illustrated notes

Levels and vault maps discovered:
D:1:      psy_arrival_dodecagon, layout_loops_ring, hangedman_feature_mirror
D:2:      minmay_chambers_of_twos, layout_basic, serial_corexii_hall,
          chequers_hall_statues_corner_a, chequers_hall_statues_wall_a,
          minivault_14
D:3:      layout_loops_ring, portal_sewer_entry_d,
          chequers_serial_rivers_large_b
D:4:      layout_loops_ring, serial_rivers, chequers_serial_rivers_room_b,
          chequers_serial_rivers_room_a, chequers_serial_rivers_micro_b,
          chequers_serial_rivers_small_a
D:5:      layout_layer_cave

Skill      XL: |  1  2  3  4  5  6 |
---------------+-------------------+-----
Ice Magic      | 5 6 |  6.5
Spellcasting   | 3 4 |  4.5
Stealth        | 2 |  2.2
Throwing       | 1 2 |  2.1
Shields        | 1 |  1.5
Fighting       | |  0.8
Short Blades   | |  0.5
Dodging        | |  2.7

Action                   |  1- 3 |  4- 6 || total
-------------------------+-------+-------++-------
Melee: Short sword       |    11 |    53 ||    64
       Club              |     3 |       ||     3
Throw: Stone             |    87 |    91 ||   178
 Cast: Freeze            |    52 |    10 ||    62
       Frozen Ramparts   |       |    22 ||    22
       Ozocubu's Armour  |       |     2 ||     2
 Abil: Hop               |       |     1 ||     1
  Use: Scroll            |       |    10 ||    10
       Potion            |       |     4 ||     4
 Stab: Sleeping          |       |     1 ||     1
Armor: Robe              |    10 |    12 ||    22
Dodge: Dodged            |    25 |    61 ||    86
Block: Kite shield       |       |    34 ||    34
